 Dungeon Crawl Stone Soup version 0.30-a0-722-g3e6e8c874d (webtiles) character file.

Game seed: 11135810429403613736

9000 BaabKaare the Arsonist (level 11, -6/81 HPs)
             Began as a Red Draconian Fire Elementalist on Jan 28, 2023.
             Was an Initiate of Gozag.
             Mangled by an ice devil (9 damage)
             ... on level 11 of the Dungeon.
             The game lasted 00:39:29 (15316 turns).

BaabKaare the Arsonist (DrFE)                      Turns: 15316, Time: 00:39:29

Health: -6/81      AC: 11    Str: 11    XL:     11   Next: 17%
Magic:  6/26       EV: 13    Int: 20    God:    Gozag
Gold:   1730       SH:  0    Dex: 11    Spells: 11/32 levels left

rFire   + + .      SeeInvis .    B - staff of fire
rCold   . . .      Faith    .    (no shield)
rNeg    . . .      Spirit   .    (body armour unavailable)
rPois   .          Reflect  .    (helmet restricted)
rElec   .          Harm     .    (no cloak)
rCorr   +          Rampage  .    (no gloves)
Will    .....                    (no boots)
Stlth   ++                       d - amulet of regeneration
HPRegen 1.13/turn                c - ring of resist corrosion
MPRegen 0.20/turn                h - +4 ring of protection

@: gold aura, slowed, very slow
A: breathe fire, AC +7, unfitting armour, fire resistance 1, cold-blooded
a: Breathe Fire, Renounce Religion, Potion Petition, Call Merchant, Bribe Branch


You were on level 11 of the Dungeon.
You worshipped Gozag.
Gozag was most pleased with you.
You visited 2 branches of the dungeon, and saw 12 of its levels.

You collected 1776 gold pieces.
You paid 46 gold pieces to Gozag.

Inventory:

Magical Staves
 B - a staff of fire (weapon)
Jewellery
 c - a ring of resist corrosion (left hand)
 d - an amulet of regeneration (around neck)
 h - a +4 ring of protection (right hand)
 y - a ring of magical power
Wands
 r - a wand of digging (10)
 u - a wand of paralysis (11)
Scrolls
 a - a scroll of enchant armour {unknown}
 b - 7 scrolls of noise {unknown}
 g - 3 scrolls of vulnerability {unknown}
 i - 8 scrolls of identify {unknown}
 j - 4 scrolls of blinking {unknown}
 l - 4 scrolls of amnesia {unknown}
 m - 2 scrolls of immolation {unknown}
 n - 2 scrolls of fear {unknown}
 o - a scroll of torment {unknown}
 p - 4 scrolls of enchant weapon {unknown}
 q - 3 scrolls of teleportation {unknown}
 s - a scroll of butterflies {unknown}
 t - 2 scrolls of silence {unknown}
 v - 2 scrolls of poison {unknown}
 w - 2 scrolls of magic mapping {unknown}
 z - 3 scrolls of fog {unknown}
 A - a scroll of brand weapon {unknown}
Potions
 e - 2 potions of haste
 f - 3 potions of flight
 k - 3 potions of attraction
 C - a potion of resistance {unknown}
 D - a potion of curing
 E - a potion of ambrosia {unknown}
 F - a potion of lignification {unknown}
Miscellaneous
 G - a piece from Xom's chessboard (15/15)


   Skills:
 + Level 2.7 Fighting
 + Level 1.5 Staves
 + Level 3.7 Dodging
 + Level 3.6 Stealth
 + Level 0.1 Unarmed Combat
 + Level 11.3 Spellcasting
 + Level 1.3 Conjurations
 + Level 0.1 Hexes
 + Level 1.6 Translocations
 + Level 13.3 Fire Magic
 + Level 1.1 Air Magic


You had 11 spell levels left.
You knew the following spells:

 Your Spells              Type           Power      Damage    Failure   Level
a - Foxfire               Conj/Fire      100%       2x1d9     1%          1
b - Scorch                Fire           100%       2d10      1%          2
c - Kindle Blastsparks    Fire/Tloc/Air  98%        2d18      1%          3
d - Inner Flame           Hex/Fire       55%        N/A       1%          3
e - Ignition              Fire           38%        3d11      86%         8
f - Flame Wave            Conj/Fire      57%        2d14      3%          4

Your spell library contained the following spells:

 Spells                   Type           Power      Damage    Failure   Level
 Magic Dart               Conj           64%        1d6       3%          1
 Shock                    Conj/Air       64%        1d7       3%          1
 Kiss of Death            Conj/Necr      56%        2d9       4%          1
 Freeze                   Ice            44%        1d6       6%          1
 Sting                    Tmut/Pois      44%        1d5       6%          1
 Poisonous Vapours        Pois/Air       26%        N/A       7%          2
 Call Imp                 Summ           11%        N/A       10%         2
 Swiftness                Air            16%        N/A       11%         3
 Vhi's Electric Charge    Tloc/Air       32%        N/A       11%         3
 Mephitic Cloud           Conj/Pois/Air  14%        N/A       13%         3
 Portal Projectile        Hex/Tloc       28%        N/A       13%         3
 Hailstorm                Conj/Ice       14%        3d5       14%         3
 Confusing Touch          Hex            12%        N/A       17%         3
 Tukima's Dance           Hex            12%        N/A       17%         3
 Frozen Ramparts          Ice            22%        1d4       19%         3
 Ozocubu's Armour         Ice            11%        N/A       19%         3
 Passage of Golubria      Tloc           17%        N/A       30%         4
 Airstrike                Air            8%         2d(2-18)  36%         4
 Dispel Undead            Necr           11%        3d9       52%         4
 Olgreb's Toxic Radiance  Pois           11%        N/A       52%         4
 Arcjolt                  Conj/Air       8%         1d18      69%         5
 Metabolic Englaciation   Hex/Ice        5%         N/A       85%         5
 Yara's Violent Unravell  Hex/Tmut       5%         3d4       85%         5
 Blade Hands              Tmut           5%         N/A       86%         5
 Iron Shot                Conj/Erth      7%         9d2       100%        6
 Ozocubu's Refrigeration  Ice            5%         4d8       100%        7
 Maxwell's Capacitive Co  Air            8%         ∞         100%        8
 Animate Armour           Summ/Erth      Unusable   N/A       N/A         4
 Simulacrum               Ice/Necr       Unusable   N/A       N/A         6

Dungeon Overview and Level Annotations

Branches:
Dungeon (11/15)            Temple (1/1) D:4            Lair (0/5) D:11
    Orc (0/2) D:9

Altars:
Ashenzari
Cheibriados
Dithmenos
Elyvilon
Fedhas
Gozag
Hepliaklqana
Kikubaaqudgha
Makhleb
Nemelex Xobeh
Okawaru
Qazlal
Ru
Sif Muna
Trog
Uskayaw
Vehumet
Wu Jian
Xom
Yredelemnul
Zin
The Shining One

Shops:
D:3 *   D:5 (

Portals:
Ice
Cave: D:11


Innate Abilities, Weirdness & Mutations

You can breathe blasts of fire.
Your fiery red scales are hard. (AC +7)
You cannot fit into any form of body armour.
Your flesh is heat resistant. (rF+)
You are cold-blooded and may be slowed by cold attacks.


Message History

The ice devil is burned terribly!
You kill the ice devil!
The ice devil misses you.
Casting: Scorch (safe; 1% risk of failure)
Confirm with . or Enter, or press ? or * to list all spells.
You feel a surge of power!
Flames lash the ice devil.
The ice devil is moderately wounded.
You feel yourself speed up. The ice devil hits you. The ice devil freezes you!
You feel yourself slow down.
* * * LOW HITPOINT WARNING * * *
The ice devil hits you.
* * * LOW HITPOINT WARNING * * *
The ice devil freezes you!
You feel as though you will be slow longer.
* * * LOW HITPOINT WARNING * * *
You feel much better.
The ice devil is distracted by your dazzling golden aura.
Casting: Scorch (safe; 1% risk of failure)
Confirm with . or Enter, or press ? or * to list all spells.
You feel a surge of power!
Flames lash the ice devil.
The ice devil is burned terribly!
The ice devil is no longer distracted by gold.
The ice devil is heavily wounded.
The ice devil hits you. The ice devil freezes you!
You feel as though you will be slow longer.
* * * LOW HITPOINT WARNING * * *
The ice devil hits you!
* * * LOW HITPOINT WARNING * * *
The ice devil freezes you!
* * * LOW HITPOINT WARNING * * *
Casting: Scorch (safe; 1% risk of failure)
Confirm with . or Enter, or press ? or * to list all spells.
You feel a surge of power!
Flames lash the ice devil.
The ice devil is heavily wounded.
The ice devil hits you.
* * * LOW HITPOINT WARNING * * *
The ice devil freezes you!
You feel as though you will be slow longer.
You die...
Your body crumbles into a pile of gold.

.... #####..#######
^.....# #>.# ......#
#..# ....# #..# ...#
#..#######
#.########.........
#..................
###...######...######
#.'4@.# #...#
∩......#$..# #...#
....##.+...# #...#
... ####### ##### #


You could see an ice devil (combustible).

Vanquished Creatures
  Erica (D:10)
  A boulder beetle (D:11)
  Maurice (D:9)
  Psyche (D:10)
  An unseen horror (D:10)
  An ice devil (D:11)
  The ghost of M4edhros the Insei, an amateur OpTm of Qazlal (D:3)
  A vampire (D:11)
  A shadow (D:11)
  A wyvern (D:11)
  6 yaks
  2 steam dragons
  4 vampire mosquitoes (D:10)
  3 orc warriors
  A water moccasin (D:5)
  2 ice beasts (D:7)
  3 black bears
  2 ogres
  3 phantoms
  5 centaurs
  2 kobold brigands
  3 bullfrogs
  A gnoll sergeant (D:5)
  5 scorpions
  A necrophage (D:6)
  9 wights
  6 killer bees
  8 howler monkeys
  4 hounds
  2 jellies
  7 orc priests
  Ijyb (D:3)
  3 iguanas
  5 orc wizards
  13 gnolls
  8 adders
  2 shadow imps
  A white imp (D:6)
  An ufetubus (D:5)
  2 worms (D:2)
  3 dart slugs
  48 orcs
  7 endoplasms
  5 giant cockroaches
  13 goblins
  5 hobgoblins
  24 jackals
  5 quokkas
  6 ball pythons
  6 bats
  2 frilled lizards
  19 kobolds
  6 rats
274 creatures vanquished.

Vanquished Creatures (others)
  113 foxfires
  8 plants (D:5)
121 creatures vanquished.

Grand Total: 395 creatures vanquished

Notes
Turn   | Place    | Note
-------+----------+-------------------------------------------
     0 | D:1      | BaabKaare the Draconian Fire Elementalist began the quest
                  | for the Orb.
     0 | D:1      | Reached XP level 1. HP: 14/14 MP: 3/3
   356 | D:1      | Reached XP level 2. HP: 20/20 MP: 3/5
   387 | D:1      | Learned a level 2 spell: Scorch
   878 | D:1      | Reached XP level 3. HP: 26/26 MP: 0/6
  1884 | D:2      | Found a glowing silver altar of Zin.
  2154 | D:2      | Reached XP level 4. HP: 33/33 MP: 5/8
  2158 | D:2      | Learned a level 3 spell: Kindle Blastsparks
  2162 | D:2      | Learned a level 3 spell: Inner Flame
  2286 | D:3      | Reached skill level 4 in Fire Magic
  3063 | D:3      | Found Omois's Assorted Antiques.
  3160 | D:3      | Found a runed translucent gate.
  3160 | D:3      | Found a runed translucent gate.
  3160 | D:3      | Found a runed translucent gate.
  3161 | D:3      | Noticed a kobold brigand
  3161 | D:3      | Noticed M4edhros's ghost (amateur OpTm)
  3350 | D:3      | Killed M4edhros's ghost
  3351 | D:3      | Reached skill level 5 in Fire Magic
  3351 | D:3      | Reached XP level 5. HP: 38/38 MP: 3/11
  3351 | D:3      | Reached XP level 6. HP: 45/45 MP: 3/12
  3885 | D:4      | Reached skill level 1 in Translocations
  3951 | D:4      | Reached skill level 5 in Spellcasting
  3951 | D:4      | Your scales start taking on a fiery red colour.
  3951 | D:4      | Reached skill level 6 in Fire Magic
  3951 | D:4      | Reached XP level 7. HP: 50/50 MP: 3/14
  3951 | D:4      | Gained mutation: Your flesh is heat resistant. (rF+) [Red
                  | Draconian growth]
  3960 | D:4      | Noticed Ijyb
  3966 | D:4      | Paralysed by Ijyb for 3 turns
  4053 | D:4      | Paralysed by Ijyb for 3 turns
  4272 | D:3      | Paralysed by Ijyb for 2 turns
  4274 | D:3      | Killed Ijyb
  4349 | D:4      | Found a staircase to the Ecumenical Temple.
  4361 | Temple   | Entered the Ecumenical Temple
  4511 | Temple   | Became a worshipper of Gozag Ym Sagoz the Greedy
  5439 | D:4      | Reached skill level 7 in Fire Magic
  5641 | D:5      | Entered Level 5 of the Dungeon
  6916 | D:5      | Reached XP level 8. HP: 50/58 MP: 12/17
  6920 | D:5      | Reached skill level 8 in Fire Magic
  7432 | D:5      | Learned a level 8 spell: Ignition
  7607 | D:5      | Reached skill level 1 in Fighting
  8210 | D:5      | Found Ovviamea's Weapon Shop.
  8478 | D:6      | Reached skill level 9 in Fire Magic
  8861 | D:6      | Reached XP level 9. HP: 64/64 MP: 15/20
  9354 | D:7      | Reached skill level 10 in Fire Magic
  9775 | D:7      | Found a flagged portal.
  9791 | D:7      | Reached skill level 1 in Staves
 10286 | D:8      | Reached skill level 11 in Fire Magic
 10423 | D:8      | Reached skill level 1 in Air Magic
 11694 | D:8      | Found a shimmering blue altar of Sif Muna.
 11922 | D:9      | Noticed Maurice
 11930 | D:9      | Killed Maurice
 11931 | D:9      | Reached XP level 10. HP: 71/74 MP: 6/22
 12146 | D:9      | Learned a level 4 spell: Flame Wave
 12261 | D:9      | Reached skill level 12 in Fire Magic
 12462 | D:9      | Found a staircase to the Orcish Mines.
 13392 | D:10     | Entered Level 10 of the Dungeon
 13697 | D:10     | Noticed Psyche
 13708 | D:10     | Killed Psyche
 13793 | D:10     | Reached skill level 10 in Spellcasting
 14133 | D:10     | Found a glowing golden altar of the Shining One.
 14136 | D:10     | Found a white marble altar of Elyvilon.
 14230 | D:10     | Found a broken altar of Ashenzari.
 14231 | D:10     | Found a snail-covered altar of Cheibriados.
 14231 | D:10     | Found a radiant altar of Vehumet.
 14231 | D:10     | Found an ornate altar of the Wu Jian Council.
 14231 | D:10     | Found a bloodstained altar of Trog.
 14232 | D:10     | Found a basalt altar of Yredelemnul.
 14234 | D:10     | Found an iron altar of Okawaru.
 14235 | D:10     | Found a hide-covered altar of Uskayaw.
 14236 | D:10     | Found a sparkling altar of Nemelex Xobeh.
 14322 | D:10     | Noticed Erica
 14348 | D:10     | Killed Erica
 14529 | D:10     | Reached skill level 13 in Fire Magic
 14983 | D:11     | Noticed a boulder beetle
 14998 | D:11     | Killed a boulder beetle
 14999 | D:11     | Reached XP level 11. HP: 60/81 MP: 2/25
 15241 | D:11     | Found a staircase to the Lair.
 15304 | D:11     | Found a frozen archway.
 15313 | D:11     | HP: 3/81 [ice devil (15)]
 15316 | D:11     | Mangled by an ice devil

Illustrated notes

Levels and vault maps discovered:
D:1:      tarquinn_simple_flora_water_b, layout_rooms,
          dreamdust_mushroom_princess
D:2:      layout_rooms, basic_altar, shapermc_ecumenical_altar_petra
D:3:      layout_basic, gammafunk_ghost_nasty_kobolds, serial_shops,
          nicolae_shop_behind_doors
D:4:      layout_loops_ring, minmay_temple_entry_crystal_x, nrook_mini_vaults,
          uniq_ijyb
D:5:      lemuel_castle_with_subvaults [lemuel_castle_interior_carwin_2],
          layout_loops_ring, serial_shops, nicolae_shop_bloodbath_and_beyond
D:6:      layout_rooms, eino_tiny_chamber, kennysheep_generic_room_5
D:7:      layout_basic, enter_bailey_5
D:8:      hellmonk_crumbling_castle, layout_loops_cross, lemuel_blue_sif_altar
D:9:      layout_loops_cross, orc_0_dummy, uniq_maurice
D:10:     layout_loops_corners, minitemple, serial_glass, glass_columns_b,
          glass_columns_a, feat_on_display, due_unseen_surprise,
          feat_on_display, item_on_display_a, uniq_psyche, uniq_erica
D:11:     layout_long_grid, lair_entry_dummy, portal_ice_cave_demonic_guard
Temple:   nicolae_temple_bog_church

Skill      XL: |  1  2  3  4  5  6  7  8  9 10 11 |
---------------+----------------------------------+-----
Dodging        | 2 3 |  3.7
Spellcasting   | 3 4 5 6 7 8 10 11 | 11.3
Fire Magic     | 5 6 7 9 11 13 | 13.3
Stealth        | 2 3 |  3.6
Translocations | 1 |  1.6
Fighting       | 1 2 |  2.7
Staves         | 1 |  1.5
Air Magic      | 1 |  1.1
Unarmed Combat | |  0.1
Conjurations   | |  1.3
Hexes          | |  0.1

Action                     |  1- 3 |  4- 6 |  7- 9 | 10-12 || total
---------------------------+-------+-------+-------+-------++-------
  Melee: Unarmed           |       |     1 |    14 |       ||    15
         Tailslap          |       |       |     3 |     4 ||     7
         Staff             |       |       |    19 |     8 ||    27
         Punch             |       |       |     1 |       ||     1
   Cast: Foxfire           |    28 |    16 |    10 |     7 ||    61
         Scorch            |    30 |    36 |   233 |   120 ||   419
         Kindle Blastspark |       |     5 |    10 |     8 ||    23
         Inner Flame       |       |       |     4 |     3 ||     7
Ability: Breathe Fire      |       |       |     1 |     1 ||     2
    Use: Potion            |       |     1 |    10 |     3 ||    14
   Stab: Distracted        |       |       |     1 |       ||     1
 Armour: Skin              |    13 |    14 |   156 |    42 ||   225
  Dodge: Dodged            |    27 |    36 |   212 |    88 ||   363

Table legend: (Time is in decaauts)
 A = Elapsed time spent in this place.
 B = Non-inter-level travel time spent in this place.
 C = Inter-level travel time spent in this place.
 D = Time resting spent in this place.
 E = Time spent auto-exploring this place.
 F = Levels seen in this place.
 G = Mean time per level.
                   A        B        C        D        E       F      G
               +--------+--------+--------+--------+--------+-----+--------+
         Total |  15369 |  14950 |    419 |   6971 |   4068 |  12 | 1280.8 |
       Dungeon |  15195 |  14776 |    419 |   6971 |   4068 |  11 | 1381.4 |
        Temple |    174 |    174 |      0 |      0 |      0 |   1 |  174.0 |
               +--------+--------+--------+--------+--------+-----+--------+

Top non-repeatable levels by time:
     D:5: 3015 daAuts
     D:8: 1865 daAuts
     D:3: 1841 daAuts
    D:10: 1604 daAuts
     D:2: 1401 daAuts
     D:9: 1350 daAuts
     D:4: 1204 daAuts
     D:1: 1040 daAuts
     D:7: 917 daAuts
     D:6: 625 daAuts
    D:11: 329 daAuts
  Temple: 174 daAuts
